cohdb
Replays
Latest Replays
All Replays
Popular Replays
Top Player Replays
Match Explorer
How It Works
Community
CoH3 Stats
Reddit
Sign in to upload your games and track your stats! →
Sign in with Steam
Primisole Slaughter (fr this time)
Match 30932809
Overview
Messages
Build Orders
End
Construct Barracks
Engineer Squad
Riflemen Squad
Riflemen Squad
M1 Mortar Team
Infantry Support Center
Riflemen Squad
Grenade Package
Selects Advanced Infantry Battlegroup
Selects Convert to Ranger Squad
Munitions Surplus
Selects Frontline Medical Station
Frontline Medical Station
Construct Motor Pool
M1 Anti-tank Gun Team
Convert to Ranger Squad
Survival Training
Selects Ammunition Storage
Demolitions Package
Advanced Logistics
Selects Ranger Weapon Training
Ranger Squad
Selects M2A1 105mm Howitzer Emplacement
.30 cal Machine Gun
Riflemen Squad
Construct Weapon Support Center
Selects Free Fire Drills
Engineer Squad
M1 Anti-tank Gun Team
Engineer Squad
.30 cal Machine Gun
Improved M9 Bazooka Rockets
Hydra7-1
[WLF] WhiteWolf
Culinary Aardvark
Kayaking Koala
0
0
Comments
sign in to comment!
No comments posted yet!